 Dungeon Crawl Stone Soup version 0.25.0-9-g26727b657a (webtiles) character file.

Game seed: 13635113992941689604

220491 Dani the Peltast (level 19, -28/134 HPs)
             Began as an Octopode Arcane Marksman on June 20, 2020.
             Was a Follower of Sif Muna.
             Killed from afar by a ynoxinul (39 damage)
             ... with an iron shot
             ... summoned by a deep elf mage
             ... on level 1 of the Elven Halls on June 21, 2020.
             The game lasted 03:30:32 (49140 turns).

Dani the Peltast (Octopode Arcane Marksman)        Turns: 49140, Time: 03:30:33

Health: -28/134    AC: 17    Str:  9    XL:     19   Next: 17%
Magic:  32/32      EV: 18    Int: 13    God:    Sif Muna [*.....]
Gold:   141        SH:  0    Dex: 14    Spells: 19/37 levels left

rFire    + . .     SeeInvis +     - Unarmed
rCold    + + .     Gourm    .   y - +10 tower shield of Ignorance {rN+ Int-4}
rNeg     + . .     Faith    +   N - +2 hat
rPois    .         Spirit   .   f - amulet of faith
rElec    +         Reflect  .   Y - ring "Zamput" {AC+4 Int-3 Dex+5 Stlth+}
rCorr    .         Harm     .   E - +4 ring of protection
MR       +....                  O - ring "Qoffify" {+Inv rF+ Str-5 Slay+2 Stlth+}
Stlth    +++++.....             G - +4 ring of protection
HPRegen  0.32/turn              l - +4 ring of evasion
MPRegen  0.23/turn              J - ring of protection from cold
                                L - ring of protection from fire
                                s - ring of Viorphobu {Ice rElec Dex-4 SInv}

@: confused, slowed, lightly drained, very slow
A: almost no armour, stealthy swim, amphibious, 8 rings, constrict 8, slimy
green scales 1, camouflage 1, strong 1, gelatinous body 1, MP-powered wands
}: 1/15 runes: serpentine
a: Channel Magic, Renounce Religion, Evoke Invisibility


You were on level 1 of the Elven Halls.
You worshipped Sif Muna.
Sif Muna was aware of your devotion.
You were hungry.

You visited 7 branches of the dungeon, and saw 31 of its levels.

You collected 8280 gold pieces.
You spent 2659 gold pieces at shops.
You paid 5480 gold pieces to Gozag.

Inventory:

Hand Weapons
 a - a +6 hand crossbow of freezing
Missiles
 c - 56 bolts
 Q - 18 javelins (quivered)
Armour
 i - a +1 tower shield
 y - the +10 tower shield of Ignorance (worn) {rN+ Int-4}
   (You acquired it on level 6 of the Lair of Beasts)

   It affects your intelligence (-4).
   It protects you from negative energy.
 N - a +2 hat (worn)
Jewellery
 f - an amulet of faith (around mantle)
 l - a +4 ring of evasion (on tentacle)
 m - an uncursed amulet of reflection
 s - the ring of Viorphobu (on tentacle) {Ice rElec Dex-4 SInv}
   (You bought it in a shop on level 1 of the Snake Pit)

   [ring of ice]

   It enhances your ice magic.
   It affects your dexterity (-4).
   It makes you vulnerable to fire.
   It protects you from cold.
   It insulates you from electricity.
   It lets you see invisible.
 D - an uncursed ring of poison resistance
 E - a +4 ring of protection (right tentacle)
 G - a +4 ring of protection (on tentacle)
 J - a ring of protection from cold (on tentacle)
 L - a ring of protection from fire (on tentacle)
 O - the ring "Qoffify" (on tentacle) {+Inv rF+ Str-5 Slay+2 Stlth+}
   (You bought it in a shop on level 3 of the Shoals)

   [ring of protection from fire]

   It affects your strength (-5).
   It affects your accuracy and damage with ranged weapons and melee attacks
   (+2).
   It protects you from fire.
   It lets you turn invisible.
   It makes you more stealthy.
 P - an uncursed ring of resist corrosion
 Y - the ring "Zamput" (left tentacle) {AC+4 Int-3 Dex+5 Stlth+}
   (You bought it in a shop on level 1 of the Snake Pit)

   [ring of protection]

   It affects your AC (+4).
   It affects your intelligence (-3).
   It affects your dexterity (+5).
   It makes you more stealthy.
Wands
 p - a wand of disintegration (13)
 u - a wand of iceblast (1)
 w - a wand of flame (19)
 I - a wand of acid (13)
 R - a wand of enslavement (2)
 U - a wand of digging (9)
 X - a wand of paralysis (12)
Scrolls
 h - 14 scrolls of remove curse
 k - 6 scrolls of amnesia
 n - 2 scrolls of immolation
 q - 6 scrolls of teleportation
 B - a scroll of silence
 S - 5 scrolls of identify
 T - 3 scrolls of enchant armour
 V - 4 scrolls of fog
 W - 2 scrolls of blinking
 Z - a scroll of magic mapping
Potions
 b - 4 potions of curing
 e - 3 potions of magic
 g - 2 potions of haste
 j - a potion of ambrosia
 o - a potion of resistance
 r - 6 potions of mutation
 t - 5 potions of stabbing
 v - 2 potions of berserk rage
 x - 8 potions of might
 z - 4 potions of flight
 A - a potion of cancellation
 C - a potion of lignification
 H - 3 potions of brilliance
 M - 5 potions of heal wounds
Miscellaneous
 K - a lightning rod (4/4)
Comestibles
 d - 21 rations


   Skills:
 - Level 13.0(12.4) Fighting
   Level 1.0(0.6) Polearms
 - Level 10.0(9.4) Crossbows
 - Level 5.0(4.5) Dodging
 - Level 5.0(4.5) Stealth
 - Level 19.0(18.4) Shields
 - Level 15.0(14.4) Unarmed Combat
 + Level 9.8(9.3) Spellcasting
 - Level 3.1(2.6) Hexes
 + Level 8.8(8.3) Transmutations
 - Level 5.8(5.3) Air Magic
 + Level 8.7(8.2) Earth Magic
 - Level 5.1(4.6) Invocations
 - Level 7.0(6.5) Evocations


You had 19 spell levels left.
You knew the following spells:

 Your Spells              Type           Power        Failure   Level  Hunger
a - Mephitic Cloud        Conj/Pois/Air  ##......     38%         3    ##.....
b - Blink                 Tloc           N/A          38%         2    None
c - Cause Fear            Hex            ##........   67%         4    ####...
d - Blade Hands           Tmut           ####......   26%         5    #####..
e - Leda's Liquefaction   Hex/Erth       ###.......   30%         4    ####...

Your spell library contained the following spells:

 Spells                   Type           Power        Failure   Level  Hunger
 Beastly Appendage        Tmut           ####..       1%          1    None
 Sticks to Snakes         Tmut           ####....     1%          2    None
 Corona                   Hex            ##.....      10%         1    None
 Slow                     Hex            ##......     14%         2    None
 Spider Form              Tmut/Pois      ###.......   16%         3    ##.....
 Animate Skeleton         Necr           N/A          28%         1    None
 Apportation              Tloc           #.....       28%         1    None
 Magic Dart               Conj           #...         28%         1    None
 Summon Butterflies       Summ           #.......     28%         1    None
 Summon Small Mammal      Summ           #...         28%         1    None
 Call Imp                 Summ           #.......     38%         2    None
 Inner Flame              Hex/Fire       #.......     43%         3    ##.....
 Portal Projectile        Hex/Tloc       #.....       43%         3    ##.....
 Ice Form                 Ice/Tmut       ####....     45%         4    ####...
 Call Canine Familiar     Summ           #.......     63%         3    ##.....
 Conjure Flame            Conj/Fire      #.......     63%         3    ##.....
 Bolt of Magma            Conj/Fire/Erth ##........   94%         5    #####..
 Summon Ice Beast         Ice/Summ       #.......     95%         4    ####...
 Summon Mana Viper        Hex/Summ       #.......     99%         5    #####..
 Iskenderun's Battlesphe  Conj/Chrm      #.......     100%        5    #####..
 Iron Shot                Conj/Erth      ###.......   100%        6    #######
 Orb of Destruction       Conj           #.........   100%        7    #######
 Spellforged Servitor     Conj/Summ      #.........   100%        7    #######
 Summon Hydra             Summ           #.........   100%        7    #######


Dungeon Overview and Level Annotations

Branches:
Dungeon (14/15)            Temple (1/1) D:7            Lair (6/6) D:10
 Shoals (3/4) Lair:3        Snake (4/4) Lair:3          Orc (2/2) D:10
    Elf (1/3) Orc:2        Vaults (0/5) D:14
  Slime: Lair:5-6

Altars:
Ashenzari
Cheibriados
Dithmenos
Elyvilon
Fedhas
Gozag
Hepliaklqana
Kikubaaqudgha
Makhleb
Nemelex Xobeh
Okawaru
Qazlal
Ru
Sif Muna
Trog
Uskayaw
Vehumet
Wu Jian
Xom
Yredelemnul
Zin
The Shining One
Beogh

Shops:
D:4 *   D:5 ?   D:10 *!   D:11 *   Temple !   Orc:1 =   Orc:2 *%[(   Elf:1 =
Shoals:3 *:   Snake:1 ===}   Snake:2 %=(   Snake:4 !%((

Annotations:
D:4 3 runed translucent doors, Gorglomux's ghost, amateur DDFi
D:5 1 runed translucent door, exclusion: 2 doors, Crazy Yiuf; Menkaure; Sigmund
D:8 1 exclusion
D:11 Erolcha
D:12 exclusions: 2 fire elementals and 3 more exclusions
Lair:2 exclusion: catoblepas
Lair:5 exclusion: oklob plant


Innate Abilities, Weirdness & Mutations

You cannot wear most types of armour.
You are very stealthy in the water. (Stealth+)
You are amphibious.
You can wear up to eight rings at the same time.
You can use your tentacles to constrict eight enemies at once.
Your skin changes colour to match your surroundings (Stealth+).
Your rubbery body absorbs attacks. (AC +1, EV +1)
You are partially covered in slimy green scales. (AC +2)
Your muscles are strong. (Str +2)
You expend magic power (3 MP) to strengthen your wands.


Message History

You hear a splash.
You're too confused!
Gozag petitions for your drink to fail. The ufetubus misses you.
The ufetubus closely misses you.
The deep elf archer shoots an arrow.
The arrow closely misses the deep elf knight.
The arrow hits you!!
* * * LOW HITPOINT WARNING * * *
You hear a splash.
The deep elf mage completely misses you.
The ufetubus closely misses you. The ufetubus completely misses you.
The ufetubus closely misses you. The ufetubus barely misses you.
The deep elf mage gestures wildly while chanting.
The deep elf mage blinks!
The ynoxinul barely misses you.
The ufetubus hits you but does no damage.
The ufetubus closely misses you.
The deep elf archer shoots an arrow.
The arrow hits the deep elf knight!!
The ynoxinul gestures at you. The iron shot hits you!!!
You die...

#####..## #.# #. #.#'##
#.# ## >. .. ####.##
#.# # .. .. ##.## #.#
## ##'##'#######
##.####'###.
E.e..#8≈≈..#
##'#...##.# ..%.#≈≈≈..#
##.....'##
#..#≈≈5e.#####..PPP..##
#..#≈≈@55.)..'.PP.PP.'.
#Eee≈≈35)#####..PP...##
#.e#≈≈(..# ##..P..##
#..#≈≈≈..# ##...#'##
....#(≈(..# ######)#
.....#8≈≈..# ##.
#'##e######### ## e ..
# #..


You could see a deep elf archer (fast, repels missiles, incited), a deep elf
knight (invisible, drained), an earth elemental, 2 deep elf magi, a ynoxinul
(summoned) and 4 ufetubi.

Vanquished Creatures
  Nikola (Snake:2)
  Rupert (Orc:2)
  The ghost of Qymaymp the Geomancer, an adept GrEE of Vehumet (D:14)
  12 nagarajas
  A fire giant (D:10)
  Aizul (Snake:2)
  A frost giant (D:10)
  2 orc warlords
  Nessos (Lair:6)
  Snorg (D:11)
  A merfolk javelineer (Shoals:2)
  3 merfolk impalers
  A deep elf high priest (Elf:1)
  2 hydras (Lair:6)
  21 naga warriors
  A merfolk avatar (Shoals:2)
  Erica (Orc:1)
  6 anacondas
  A catoblepas (Lair:5)
  An ogre mage (D:14)
  10 death yaks
  4 two-headed ogres
  3 dancing weapons (Elf:1)
  2 centaur warriors
  A merfolk aquamancer (Shoals:3)
  7 orc high priests
  10 shock serpents
  13 naga sharpshooters
  7 deep elf knights (Elf:1)
  5 skeletal warriors (D:14)
  5 sea snakes
  4 salamander mystics
  7 naga ritualists
  An unseen horror (D:13)
  5 deep elf archers (Elf:1)
  10 orc knights
  10 harpies
  An ugly thing (D:11)
  15 mana vipers
  7 fauns
  2 orc sorcerers
  3 cyclopes
  21 deep elf magi
  11 salamanders
  5 manticores
  13 guardian serpents
  Maurice (D:10)
  27 naga magi
  50 black mambas
  A black mamba (shapeshifter) (D:14)
  5 merfolk sirens
  Maggie (Lair:2)
  3 water nymphs
  12 spiny frogs
  2 centaur skeletons
  3 gargoyles
  A rime drake (Lair:5)
  5 komodo dragons
  A freezing wraith (D:14)
  A kobold demonologist (D:12)
  4 yaktaurs (D:14)
  6 hornets
  8 trolls
  22 merfolk
  6 polar bears
  4 slime creatures (D:13)
  2 dream sheep (Lair:6)
  4 snapping turtles
  6 hippogriffs
  20 blink frogs
  6 water elementals
  12 spriggans (Lair:6)
  An air elemental (Elf:1)
  3 wyverns
  3 wraiths
  42 yaks
  A fire elemental (Elf:1)
  4 basilisks
  4 wargs
  65 nagas
  An acid dragon (D:14)
  10 water moccasins
  3 hell hounds
  7 porcupines
  4 ice beasts
  An eye of draining (D:14)
  2 phantoms
  2 sky beasts
  2 black bears
  48 orc warriors
  A necrophage (D:9)
  5 boggarts
  9 centaurs
  26 wolves
  17 ogres
  7 crocodiles
  3 big kobolds (D:14)
  12 bullfrogs
  3 scorpions
  13 killer bees
  18 wights
  A howler monkey (D:6)
  6 electric eels
  4 centaur zombies
  4 crimson imps
  2 bullfrog zombies
  23 orc priests
  6 hounds
  4 jellies
  2 bullfrog skeletons
  Jessica (D:3)
  5 iguanas
  14 worker ants
  17 orc wizards
  A hound skeleton (D:9)
  4 worker ant zombies
  6 adders
  2 gnolls
  A howler monkey skeleton (D:10)
  6 shadow imps
  An ooze (D:5)
  3 worms
  3 dart slugs
  A leopard gecko (D:9)
  88 orcs
  9 giant cockroaches
  9 hobgoblins
  15 jackals
  3 quokkas
  A ball python (D:5)
  9 bats
  6 frilled lizards
  A giant cockroach zombie (D:5)
  14 goblins
  13 kobolds
  6 rats
  A bush (D:12)
  5 plants
1069 creatures vanquished.

Vanquished Creatures (collateral kills)
  A basilisk (Lair:3)
  A naga (Snake:4)
  A water moccasin (Lair:3)
3 creatures vanquished.

Vanquished Creatures (others)
  A nagaraja (Snake:4)
  An anaconda (Snake:4)
  A shock serpent (Snake:4)
  A deep elf mage (Elf:1)
  A naga ritualist (Lair:3)
  A black mamba (Snake:3)
  A naga mage (Snake:4)
  4 nagas
  23 fungi
  36 plants
70 creatures vanquished.

Grand Total: 1142 creatures vanquished

Notes
Turn   | Place    | Note
-------+----------+-------------------------------------------
     0 | D:1      | Dani the Octopode Arcane Marksman began the quest for the
                  | Orb.
     0 | D:1      | Reached XP level 1. HP: 13/13 MP: 2/2
   241 | D:1      | Reached skill level 1 in Unarmed Combat
   449 | D:1      | Reached XP level 2. HP: 18/18 MP: 3/3
  1523 | D:2      | Reached XP level 3. HP: 22/23 MP: 4/4
  1560 | D:2      | Found an ornate altar of the Wu Jian Council.
  1563 | D:2      | Found a basalt altar of Yredelemnul.
  2339 | D:2      | Reached skill level 1 in Stealth
  3002 | D:2      | Reached XP level 4. HP: 12/28 MP: 5/5
  3976 | D:3      | Noticed Jessica
  3981 | D:3      | Killed Jessica
  4010 | D:3      | Reached XP level 5. HP: 33/33 MP: 6/6
  4878 | D:4      | Found a runed translucent gate.
  4882 | D:4      | Found a runed translucent gate.
  4883 | D:4      | Found a runed translucent gate.
  4885 | D:4      | Noticed Gorglomux's ghost (amateur DDFi)
  5307 | D:4      | Found Elueckup's General Store.
  5315 | D:4      | Bought a scroll of magic mapping for 49 gold pieces
  5343 | D:5      | Entered Level 5 of the Dungeon
  5493 | D:5      | Reached XP level 6. HP: 39/39 MP: 7/7
  5643 | D:5      | Found Paihoq's Magic Scroll Shop.
  5646 | D:5      | Bought a scroll of remove curse for 36 gold pieces
  5670 | D:6      | Noticed an ice beast
  5986 | D:6      | Reached skill level 1 in Evocations
  6340 | D:6      | Killed an ice beast
  6340 | D:6      | Reached skill level 5 in Unarmed Combat
  6340 | D:6      | Reached XP level 7. HP: 43/45 MP: 8/8
  6373 | D:6      | Reached skill level 5 in Stealth
  6719 | D:6      | Found a sacrificial altar of Ru.
  7084 | D:6      | Gained mutation: Your muscles are strong. (Str +2) [potion
                  | of mutation]
  7084 | D:6      | Gained mutation: You expend magic power (3 MP) to
                  | strengthen your wands. [potion of mutation]
  7084 | D:6      | Gained mutation: You are partially covered in slimy green
                  | scales. (AC +2) [potion of mutation]
  7447 | D:7      | Found a staircase to the Ecumenical Temple.
  7464 | Temple   | Entered the Ecumenical Temple
  7615 | Temple   | Became a worshipper of Cheibriados the Contemplative
  7663 | D:7      | Reached XP level 8. HP: 52/54 MP: 7/11
  7788 | D:7      | Noticed a two-headed ogre
  7795 | D:7      | Killed a two-headed ogre
  7795 | D:7      | Reached skill level 5 in Fighting
  7795 | D:7      | Reached skill level 5 in Evocations
  8078 | D:7      | Reached XP level 9. HP: 41/64 MP: 8/12
  9736 | D:5      | Reached * piety under Cheibriados
  9783 | D:5      | Noticed Menkaure
 10230 | D:5      | Found a runed translucent door.
 10231 | D:5      | Noticed Crazy Yiuf
 10266 | D:5      | Reached skill level 1 in Polearms
 10270 | D:5      | Noticed Sigmund
 10725 | D:8      | Reached skill level 5 in Dodging
 10725 | D:8      | Reached skill level 1 in Invocations
 11056 | D:8      | Found a white marble altar of Elyvilon.
 11491 | D:8      | Reached ** piety under Cheibriados
 11657 | D:9      | Noticed a troll
 11672 | D:9      | Killed a troll
 11793 | D:9      | Reached XP level 10. HP: 44/72 MP: 13/13
 11796 | D:9      | Reached skill level 5 in Invocations
 12682 | D:10     | Entered Level 10 of the Dungeon
 12764 | D:10     | Reached *** piety under Cheibriados
 12857 | D:10     | Found a hide-covered altar of Uskayaw.
 12857 | D:10     | Found an iron altar of Okawaru.
 12857 | D:10     | Noticed a fire giant
 12867 | D:10     | Noticed a frost giant
 13140 | D:10     | Found a staircase to the Orcish Mines.
 13158 | D:10     | Noticed Maurice
 13161 | D:10     | Killed Maurice
 13562 | D:10     | Reached **** piety under Cheibriados
 13567 | D:10     | Killed a frost giant
 13567 | D:10     | Reached skill level 3 in Shields
 13567 | D:10     | Reached XP level 11. HP: 74/77 MP: 8/15
 13640 | D:10     | Found a staircase to the Lair.
 13642 | D:10     | Reached skill level 4 in Shields
 13648 | Lair:1   | Entered Level 1 of the Lair of Beasts
 13911 | Lair:1   | Found a shimmering altar of Xom.
 14362 | Lair:2   | Reached skill level 5 in Shields
 14427 | Lair:2   | Reached skill level 10 in Unarmed Combat
 14443 | Lair:2   | Reached skill level 6 in Shields
 14785 | Lair:2   | Noticed a catoblepas
 14878 | Lair:2   | Noticed Maggie
 15007 | Lair:2   | Killed Maggie
 15007 | Lair:2   | Reached skill level 7 in Shields
 15143 | Lair:2   | Reached skill level 8 in Shields
 15345 | Lair:2   | Reached ***** piety under Cheibriados
 15412 | Lair:2   | Learned a level 3 spell: Mephitic Cloud
 15415 | Lair:2   | Learned a level 2 spell: Blink
 15452 | Lair:2   | Reached skill level 1 in Air Magic
 16281 | Lair:3   | Reached XP level 12. HP: 79/82 MP: 17/17
 16766 | Lair:3   | Found a staircase to the Snake Pit.
 16997 | Lair:3   | Reached skill level 5 in Air Magic
 17011 | Lair:3   | Reached skill level 5 in Spellcasting
 17211 | Lair:3   | Found a staircase to the Shoals.
 18715 | Lair:5   | Identified a scroll of acquirement
 18732 | Lair:5   | Reached skill level 9 in Shields
 18814 | Lair:5   | Reached skill level 10 in Shields
 18952 | Lair:5   | Reached skill level 11 in Shields
 19272 | Lair:5   | Reached XP level 13. HP: 88/88 MP: 21/21
 19300 | Lair:5   | Learned a level 4 spell: Cause Fear
 19346 | Lair:5   | Reached skill level 12 in Shields
 19350 | Lair:5   | Reached skill level 13 in Shields
 20014 | Lair:6   | Entered Level 6 of the Lair of Beasts
 20117 | Lair:6   | Reached skill level 14 in Shields
 20286 | Lair:6   | Reached ****** piety under Cheibriados
 20482 | Lair:6   | Reached skill level 15 in Shields
 20581 | Lair:6   | Found the +10 tower shield of Ignorance {rN+ Int-4}
 20581 | Lair:6   | Got the +10 tower shield of Ignorance {rN+ Int-4}
 20718 | Lair:6   | Reached skill level 16 in Shields
 20975 | Lair:6   | Reached skill level 5 in Crossbows
 20982 | Lair:6   | Reached XP level 14. HP: 95/95 MP: 17/22
 21316 | Lair:6   | Noticed Nessos
 21319 | Lair:6   | Killed Nessos
 21693 | D:11     | You fall into a shaft and drop 1 floor!
 21730 | D:12     | Found a blossoming altar of Fedhas.
 22129 | D:11     | Noticed Erolcha
 22141 | D:11     | Noticed Snorg
 22150 | D:11     | Killed Snorg
 22283 | D:11     | Found Jaroahaf's Assorted Antiques.
 22843 | D:12     | You fall into a shaft and drop 2 floors!
 23996 | D:14     | Reached skill level 10 in Fighting
 24269 | D:14     | Found a runed translucent gate.
 24270 | D:14     | Found a runed translucent gate.
 24270 | D:14     | Noticed Qymaymp's ghost (adept GrEE)
 24271 | D:14     | Found a runed translucent gate.
 24277 | D:14     | Found a roughly hewn altar of Beogh.
 24419 | D:14     | Found a gate to the Vaults.
 24441 | D:14     | Reached XP level 15. HP: 103/103 MP: 23/23
 24451 | D:14     | Reached skill level 17 in Shields
 24599 | D:14     | Found a shimmering altar of Xom.
 24663 | D:14     | Killed Qymaymp's ghost
 25198 | Orc:1    | Entered Level 1 of the Orcish Mines
 25198 | Orc:1    | Found Ytuastroy's Jewellery Emporium.
 25198 | Orc:1    | Noticed Erica
 25205 | Orc:1    | Killed Erica
 25357 | Orc:1    | Noticed an orc warlord
 25392 | Orc:1    | Killed an orc warlord
 25492 | D:10     | Killed a fire giant
 26168 | Orc:2    | Entered Level 2 of the Orcish Mines
 26311 | Orc:2    | Noticed Rupert
 26437 | Orc:2    | Noticed an orc warlord
 26438 | Orc:2    | Paralysed by Rupert for 3 turns
 26446 | Orc:2    | Killed Rupert
 26447 | Orc:2    | Killed an orc warlord
 27103 | Orc:2    | Found a staircase to the Elven Halls.
 27866 | Orc:2    | Found Lemox's Weapon Boutique.
 27869 | Orc:2    | Found Gopraw's Food Boutique.
 27870 | Orc:2    | Found Fahoyg's Assorted Antiques.
 27871 | Orc:2    | Found Jumypufa's Antique Armour Shop.
 27882 | Orc:2    | Bought a scroll of enchant weapon for 255 gold pieces
 28212 | Temple   | Fell from the grace of Cheibriados
 28212 | Temple   | Became a worshipper of Gozag Ym Sagoz the Greedy
 28335 | Snake:1  | Entered Level 1 of the Snake Pit
 28429 | Lair:3   | Reached skill level 10 in Crossbows
 28853 | Snake:1  | Reached XP level 16. HP: 110/110 MP: 24/24
 29133 | Snake:1  | 1
 29207 | Snake:1  | Learned a level 5 spell: Blade Hands
 29212 | Snake:1  | Learned a level 4 spell: Leda's Liquefaction
 29313 | Snake:1  | Found Aseus's Jewellery Shoppe.
 29314 | Snake:1  | Found Leirph's Gadget Shop.
 29316 | Snake:1  | Found Yboecaol's Jewellery Shoppe.
 29427 | Snake:1  | 2
 29663 | Snake:1  | Reached skill level 1 in Transmutations
 29668 | Snake:1  | Reached skill level 1 in Earth Magic
 30227 | Snake:2  | Noticed a nagaraja
 30227 | Snake:2  | Noticed Aizul
 30241 | Snake:2  | Killed Aizul
 30241 | Snake:2  | Killed a nagaraja
 30283 | Snake:1  | 3
 30579 | Snake:2  | Found Osoink's Weapon Shop.
 31199 | Snake:2  | Reached skill level 18 in Shields
 31638 | Snake:2  | Found Cuvakil's Jewellery Shoppe.
 31639 | Snake:2  | Found Zeuky's Food Boutique.
 32051 | Snake:2  | Noticed Nikola
 32446 | Snake:1  | Bought the ring of Viorphobu {Ice rElec Dex-4 SInv} for 522
                  | gold pieces
 32573 | Snake:2  | Killed Nikola
 34506 | Snake:3  | Reached XP level 17. HP: 117/117 MP: 27/27
 34518 | Snake:3  | Lost dexterity.
 34522 | Snake:3  | Identified the +4 whip "Gauryef" {drain, +Blink rElec rN+}
 36686 | Snake:2  | Reached skill level 5 in Earth Magic
 36741 | Snake:2  | Lost dexterity.
 36823 | Snake:1  | Bought the ring "Zamput" {AC+4 Int-3 Dex+5 Stlth+} for 800
                  | gold pieces
 37074 | Snake:3  | Reached skill level 5 in Transmutations
 38020 | Snake:4  | Entered Level 4 of the Snake Pit
 38633 | Snake:4  | Found Kuetofe's Distillery.
 38657 | Snake:4  | Found Uttegheo's Food Shoppe.
 38659 | Snake:4  | Found Leathas's Weapon Emporium.
 39538 | Snake:4  | Was forgiven by Cheibriados
 39843 | Snake:4  | Found Odiom's Weapon Shop.
 40440 | Snake:4  | Reached XP level 18. HP: 96/126 MP: 30/30
 42829 | Snake:4  | Got a serpentine rune of Zot
 43015 | D:10     | Bought a scroll of enchant weapon for 240 gold pieces
 43064 | Shoals:1 | Entered Level 1 of the Shoals
 45056 | Shoals:2 | Reached skill level 19 in Shields
 46403 | Shoals:3 | Found Adehor Uweyss's Assorted Antiques.
 46426 | Shoals:3 | Bought an ancient marble ring for 90 gold pieces
 46426 | Shoals:3 | Identified the ring "Qoffify" {+Inv rF+ Str-5 Slay+2
                  | Stlth+} (You bought it in a shop on level 3 of the Shoals)
 46634 | D:10     | Bought a potion of heal wounds for 160 gold pieces
 46635 | D:10     | Bought a potion of heal wounds for 65 gold pieces
 46635 | D:10     | Bought a potion of heal wounds for 65 gold pieces
 46635 | D:10     | Bought a potion of mutation for 104 gold pieces
 46635 | D:10     | Bought a potion of might for 52 gold pieces
 46635 | D:10     | Bought 2 potions of curing for 78 gold pieces
 46635 | D:10     | Bought a potion of lignification for 39 gold pieces
 46635 | D:10     | Bought a potion of cancellation for 104 gold pieces
 46721 | Temple   | Fell from the grace of Gozag
 46721 | Temple   | Became a worshipper of Sif Muna the Loreminder
 46999 | Elf:1    | Entered Level 1 of the Elven Halls
 47120 | Elf:1    | Reached skill level 15 in Unarmed Combat
 47125 | Elf:1    | Found Tiupot's Jewellery Shoppe.
 47593 | Elf:1    | Reached XP level 19. HP: 106/134 MP: 26/32
 47960 | Elf:1    | Reached * piety under Sif Muna
 49140 | Elf:1    | Killed from afar by a ynoxinul

Illustrated notes ....$.....##.......... .....................# .....................# ....................# #......##........## ##....####.......# #...## ##......## #..## ##......# #@.# ##.....# #..# ##.....# #..# #....... #.## #...###.. ... #..### ##. .#. #.## ## .. # .# #. # Turn 29133 on Snake:1: 1 ## # ##.# .##..# #...# #..# #@########.# ### #..........# ..# ##..)........ #.## ###....#####... #.## ##.......# . #..###........# ##......##.....# #..#...#####....# #.###...# ##..... Turn 29427 on Snake:1: 2

....#####..........##......######
.....####........(.........#♣♣♣♣♣
.....##....................#♣...♣
...........................#♣..∩.
#..........................#♣....
............................∩.⌠.∩
...###.....................#♣..∩.
.### #..................##.#♣..∩.
## ##.........@.......####♣...♣ #
#..................## ♣♣♣♣♣
#...................#######
##..................#.#....
#..................##.....
#.........................
#.........................
##.........................
##..###......##......##.....


Turn 30283 on Snake:1: 3

Levels and vault maps discovered:
D:1:      erik_arrival_cave_to_civilisation [erik_arrival_cave_to_hall],
          layout_basic
D:2:      layout_basic, nicolae_overflow_hidden_temple
D:3:      minmay_inner_zag, layout_loops_cross, first_ration, item_on_display_a,
          uniq_jessica
D:4:      layout_layer_cave, serial_shops, shop, gammafunk_ghost_split
D:5:      layout_gridville, serial_shops, kennysheep_mini, minmay_manual_mail,
          uniq_menkaure, uniq_crazy_yiuf_cottage, uniq_sigmund
D:6:      layout_cave_pods, basic_altar, minmay_ogre_servants
D:7:      layout_basic, minmay_temple_entry_drinking_statues
D:8:      layout_basic, basic_altar
D:9:      layout_roguey, dk_rats_in_the_wall
D:10:     layout_rooms, grunt_lair_entry_orc_guard_hut, david_orc_2,
          serial_shops, shop, david_nohive_1, jmf_multi_god_temple, uniq_maurice
D:11:     layout_roguey, serial_shops, nicolae_shop_trees, uniq_snorg,
          uniq_erolcha
D:12:     layout_rooms, fedhas_bush_and_centaur_altar, uniq_azrael
D:13:     layout_irregular_city, nrook_uturn
D:14:     layout_cave_pools, hangedman_vaults_entry_quadrant_bands,
          bh_walls_and_bars, biasface_ghost_orc_armoury, basic_altar
Temple:   regret_index_temple_chain_breaker
Lair:1:   layout_roguey, basic_altar, grunt_megastairs_2
Lair:2:   layout_loops_ring, serial_bayou_shore_b, uniq_maggie
Lair:3:   layout_chaotic_city, minmay_shoals_entry_beasts,
          minmay_snake_entry_guardpost_small, enter_volcano_3
Lair:4:   layout_roguey, nicolae_quartered_pool_super
Lair:5:   layout_roguey, minmay_slime_entry_oklob_enclosed, minivault_19,
          small_statue_intersection, grunt_megastairs_3, lemuel_fruit_fields,
          serial_bayou_shore_b
Lair:6:   minmay_lair_end_enchanted_forest, layout_cellular_growth,
          serial_bayou_ford_a, serial_bayou_shore_b, lemuel_fruit_tree,
          uniq_nessos
Shoals:1: layout_shoals
Shoals:2: layout_shoals, nicolae_shoals_flooded_hall
Shoals:3: layout_shoals, serial_shops, shop, nicolae_shoals_circle_sea_wall,
          uniq_bai_suzhen
Snake:1:  layout_layer_cave, minmay_shop_grove
Snake:2:  layout_basic, serial_shops, shop_coins, shop_statue, shop,
          serial_bayou_lake_a, grunt_megastairs_4, uniq_nikola, uniq_aizul
Snake:3:  nicolae_snake_hallway, layout_rooms, grunt_ministairs_11,
          hangedman_snake_corridor_split
Snake:4:  johnstein_snake_rune_scales, layout_onion, serial_shops, shop,
          nicolae_snake_round_shape_thing, drop_trap, minmay_shop_star
Orc:1:    layout_caves, serial_shops, shop_coins, nicolae_orc_bridge_out,
          uniq_erica
Orc:2:    st_orc_pillars, layout_caves, library_closet, uniq_rupert
Elf:1:    eino_elf_arrival_sip, layout_geoelf_octagon, serial_shops,
          nicolae_shop_stone, kennysheep_underground_church, evilmike_minifort

Skill      XL: |  1  2  3  4  5  6  7  8  9 10 11 12 13 14 15 16 17 18 |
---------------+-------------------------------------------------------+-----
Unarmed Combat | 1 2 3 4 5 6 9 10 11 13 14 15 | 15.0
Stealth        | 1 2 3 4 5 |  5.0
Fighting       | 2 4 7 8 10 11 12 13 | 13.0
Evocations     | 2 4 5 6 7 |  7.0
Dodging        | 3 5 |  5.0
Polearms       | 1 |  1.0
Invocations    | 4 5 |  5.1
Crossbows      | 4 5 7 10 | 10.0
Shields        | 3 8 11 16 17 18 19 | 19.0
Air Magic      | 2 5 |  5.8
Spellcasting   | 2 5 6 8 9 |  9.8
Transmutations | 4 6 8 |  8.8
Earth Magic    | 4 6 8 |  8.7
Hexes          | |  3.1

Action                   |  1- 3 |  4- 6 |  7- 9 | 10-12 | 13-15 | 16-18 | 19-21 || total
-------------------------+-------+-------+-------+-------+-------+-------+-------++-------
Melee: Unarmed           |    96 |   115 |   264 |   337 |   764 |   948 |    75 ||  2599
       Constrict         |    24 |    31 |    44 |    63 |   131 |    79 |    11 ||   383
       Tentacles         |    17 |    21 |    61 |   137 |   321 |   151 |     8 ||   716
       Punch             |     1 |     2 |    10 |    54 |   131 |    69 |     7 ||   274
 Fire: Hand crossbow     |     2 |    26 |     4 |   130 |   230 |  1165 |   109 ||  1666
Throw: Javelin           |       |       |       |       |     3 |     7 |       ||    10
       Throwing net      |       |       |       |       |     2 |       |       ||     2
 Cast: Mephitic Cloud    |       |       |       |       |     2 |       |       ||     2
       Cause Fear        |       |       |       |       |     1 |       |       ||     1
Invok: Slouch            |       |       |       |       |     6 |       |       ||     6
       Call Merchant     |       |       |       |       |     1 |     4 |       ||     5
       Potion Petition   |       |       |       |       |       |     1 |       ||     1
Evoke: Wand              |       |     1 |    12 |     8 |    23 |    23 |     3 ||    70
       Lightning rod     |       |       |       |       |    15 |     4 |       ||    19
  Use: Scroll            |       |    10 |       |    20 |     9 |    19 |       ||    58
       Potion            |       |       |     1 |     4 |     2 |    14 |       ||    21
 Stab: Sleeping          |     8 |     9 |    10 |     9 |    23 |     4 |       ||    63
       Distracted        |       |       |       |     1 |     1 |     4 |       ||     6
       Held in net/web   |       |       |       |       |     1 |       |       ||     1
       Paralysed         |       |       |       |       |       |     7 |       ||     7
  Eat: Chunk             |     6 |    11 |    10 |    12 |    17 |       |     5 ||    61
       Ration            |       |       |     1 |       |     2 |    19 |       ||    22
Armor: Skin              |    15 |     3 |    32 |    56 |    46 |    94 |    11 ||   257
Dodge: Dodged            |    63 |    53 |   158 |   178 |   129 |   261 |    39 ||   881
Block: Other             |       |    24 |    45 |    48 |     5 |       |       ||   122
       Reflection        |       |     1 |     2 |     5 |    69 |   286 |       ||   363
       Tower shield      |       |       |       |       |   970 |  1860 |    91 ||  2921
